Map: Ruby Rock LE

Players

foreigner

  • Race: Terran Terran
  • League: Diamond
  • Spawn Location: 11:00

HoldTheDoor - Winner!

  • Race: Protoss Protoss
  • League: Diamond
  • Spawn Location: 5:00

VOD

Have the link to the VOD?

Description

Time

  • Played on: May 13, 2026, 12:56 p.m.
  • Length: 14:00
Show
View Real Time Build Order
Export as new Build Order

foreigner Terran 

Build Orders:  

Get SALT Encoding   

  12  0:00  SCV  
  13  0:12  SCV  
  14  0:18  Supply Depot  
  14  0:24  SCV  
  15  0:39  SCV  
  15  0:40  Barracks  
  16  0:47  Refinery  
  16  0:51  SCV  
  17  1:05  SCV  
  18  1:17  SCV  
  19  1:33  Orbital Command  
  19  1:44  Command Center  
  19  1:58  SCV  
  20  2:06  Supply Depot  
  20  2:07  Factory  
  20  2:22  Marine  
  21  2:32  SCV  
  21  2:35  Bunker  
  22  2:39  Refinery  
  22  2:43  Marine  
  22  2:44  SCV  
  24  2:50  Factory Tech Lab  
  24  2:56  Orbital Command  
  24  3:01  Engineering Bay, Supply Depot  
  24  3:06  Supply Depot  
  24  3:09  SCV  
  25  3:19  Siege Tank  
  28  3:21  SCV  
  28  3:23  SCV  
  30  3:34  SCV  
  31  3:35  SCV  
  31  3:41  Starport  
  32  3:46  SCV  
  32  3:47  SCV  
  34  3:58  SCV  
  34  4:00  SCV  
  36  4:08  Armory  
  36  4:10  SCV  
  36  4:13  SCV  
  38  4:21  Fusion Core  
  38  4:22  SCV  
  38  4:24  Starport Tech Lab  
  39  4:27  Refinery  
  39  4:29  SCV  
  39  4:31  Refinery  
  40  4:34  SCV  
  41  4:41  SCV  
  42  4:46  SCV  
  43  4:53  SCV  
  43  4:56  Command Center  
  43  4:58  SCV  
  45  5:05  SCV  
  46  5:10  SCV  
  47  5:18  SCV  
  48  5:22  Battlecruiser, SCV  
  48  5:28  Starport  
  55  5:29  Command Center  
  55  5:31  SCV  
  55  5:53  Siege Tank  
  58  6:12  Starport Tech Lab  
  58  6:25  Command Center  
  58  6:26  SCV x2  
  58  6:32  Siege Tank  
  63  6:35  Battlecruiser  
  63  6:38  SCV x2  
  67  7:00  Weapon Refit  
  57  7:36  Orbital Command  
  57  7:51  SCV  
  57  7:52  SCV  
  59  8:01  Orbital Command  
  59  8:02  Engineering Bay, SCV  
  59  8:03  SCV  
  59  8:04  SCV  
  63  8:15  SCV  
  63  8:16  SCV  
  58  8:44  SCV x2  
  58  8:46  Orbital Command  
  60  8:56  SCV x2  
  54  9:15  Battlecruiser x2  
  66  9:25  SCV, Refinery  
  67  9:37  SCV  
  68  9:43  SCV x3  
  71  9:49  SCV  
  72  9:54  Refinery  
  72  9:55  SCV x3  
  72  9:56  Refinery  
  75  10:01  SCV  
  76  10:07  SCV  
  77  10:17  Command Center  
  77  10:19  Battlecruiser  
  83  10:24  Missile Turret  
  83  10:32  Command Center x2  
  83  10:34  Supply Depot x2  
  83  10:35  Supply Depot  
  83  10:40  Missile Turret  
  83  10:41  Missile Turret  
  80  10:55  Thor  
  80  10:56  Battlecruiser  
  92  11:14  SCV x3  
  91  11:23  SCV  
  92  11:35  SCV  
  92  11:38  Planetary Fortress, Command Center  
  93  11:41  Siege Tank, Command Center  
  93  11:42  Command Center  
  96  11:47  SCV  
  96  12:00  SCV  
  95  12:02  Command Center  
  95  12:03  Command Center  
  95  12:05  Missile Turret  
  95  12:06  Command Center  
  95  12:13  Siege Tank  
  98  12:20  Battlecruiser x2  
  107  12:27  Missile Turret  
  107  12:47  Missile Turret  
  107  12:55  Refinery  
  107  12:57  Refinery  
  107  13:11  Missile Turret  
  107  13:14  Orbital Command  
  107  13:16  Planetary Fortress  
Show
View Real Time Build Order
Export as new Build Order

HoldTheDoor Protoss - Winner!

Build Orders: 1 Gate Expand, Colossus Rush 

Get SALT Encoding   

  12  0:00  Probe  
  13  0:12  Probe  
  14  0:17  Pylon  
  14  0:23  Probe  
  15  0:31  Probe  
  15  0:38  Gateway  
  15  0:39  Probe  
  17  0:51  Assimilator, Probe  
  18  1:00  Pylon  
  18  1:08  Probe  
  19  1:32  Nexus, Cybernetics Core  
  19  1:36  Probe  
  20  1:42  Assimilator  
  20  1:49  Probe  
  21  2:01  Probe  
  21  2:02  Pylon  
  22  2:11  Adept, Warp Gate  
  22  2:13  Probe  
  23  2:20  Pylon  
  25  2:26  Shield Battery  
  25  2:28  Probe  
  26  2:40  Probe, Sentry  
  29  2:46  Pylon  
  29  2:47  Probe  
  30  2:56  Robotics Facility  
  30  3:00  Probe  
  30  3:02  Probe  
  32  3:06  Shield Battery  
  32  3:12  Probe  
  33  3:17  Probe  
  34  3:24  Probe  
  35  3:28  Gateway  
  35  3:31  Gateway  
  35  3:32  Probe  
  36  3:36  Probe  
  37  3:44  Probe  
  38  3:49  Probe  
  39  3:56  Probe  
  39  3:58  Immortal  
  44  4:03  Probe  
  44  4:05  Twilight Council  
  44  4:07  Assimilator, Pylon  
  45  4:14  Probe  
  45  4:15  Robotics Bay, Probe  
  47  4:23  Assimilator  
  47  4:26  Probe, Pylon  
  48  4:31  Probe  
  48  4:32  Forge  
  48  4:33  Charge  
  48  4:37  Observer  
  50  4:38  Probe  
  51  4:47  Pylon  
  51  4:48  Probe  
  51  4:50  Sentry, Probe  
  51  4:51  Zealot  
  57  4:55  Zealot  
  59  5:00  Probe  
  59  5:04  Colossus  
  66  5:07  Probe  
  66  5:12  Probe  
  68  5:14  Photon Cannon  
  68  5:18  Protoss Ground Weapons Level 1  
  68  5:20  Probe  
  69  5:22  Photon Cannon  
  69  5:24  Probe  
  70  5:32  Probe  
  70  5:33  Extended Thermal Lance, Pylon  
  71  5:36  Probe  
  72  5:44  Probe  
  72  5:48  Probe  
  72  5:49  Stalker x3  
  80  5:58  Immortal  
  84  6:06  Stargate  
  84  6:09  Pylon  
  84  6:14  Photon Cannon  
  84  6:16  Shield Battery  
  84  6:20  Pylon  
  84  6:21  Photon Cannon  
  84  6:29  Pylon  
  84  6:33  Shield Battery  
  84  6:40  Stalker  
  84  6:41  Stalker x2  
  82  7:06  Stalker x3  
  88  7:10  Void Ray  
  74  7:23  Protoss Ground Armor Level 1  
  74  7:28  Probe  
  74  7:29  Probe  
  72  7:30  Stalker x3  
  72  7:33  Blink  
  74  7:37  Gravitic Boosters  
  74  7:48  Void Ray  
  78  8:02  Nexus  
  78  8:05  Pylon, Photon Cannon  
  78  8:08  Photon Cannon  
  78  8:09  Photon Cannon  
  78  8:15  Stalker x3  
  80  8:38  Stalker  
  80  8:40  Stalker x2  
  80  9:09  Void Ray  
  66  9:15  Stalker x3  
  76  9:24  Gateway  
  76  9:26  Gateway  
  76  9:28  Gateway  
  76  9:31  Gateway  
  76  9:33  Gateway  
  76  9:35  Probe x2  
  76  9:36  Gateway, Probe  
  79  9:39  Gateway  
  79  9:41  Gateway, Photon Cannon  
  79  9:43  Assimilator, Pylon, Stalker  
  79  9:44  Pylon  
  81  9:46  Sentry x2  
  81  9:48  Pylon  
  89  10:00  Void Ray  
  89  10:03  Stargate  
  89  10:05  Pylon  
  89  10:06  Photon Cannon  
  89  10:21  Protoss Ground Armor Level 2  
  89  10:24  Stalker x4  
  97  10:40  Protoss Air Weapons Level 1  
  97  10:42  Assimilator  
  101  10:43  Void Ray  
  101  10:46  Photon Cannon  
  101  10:47  Photon Cannon  
  99  10:59  Stalker x2  
  99  11:00  Stalker x3  
  109  11:17  Stalker x2  
  109  11:18  Stalker x3  
  119  11:38  Nexus  
  119  11:54  Stalker x6  
  131  12:04  Pylon  
  131  12:07  Pylon  
  131  12:11  Pylon  
  131  12:15  Pylon  
  139  12:24  Void Ray x2  
  139  12:29  Stalker  
  140  12:30  Stalker x2  
  144  12:37  Photon Cannon  
  144  12:38  Photon Cannon  
  144  12:42  Photon Cannon  
  144  12:54  Stargate  
  144  12:59  Photon Cannon  
  144  13:03  Photon Cannon  
  148  13:07  Void Ray  
Tags
 
Add a new tag
Caveats
  • Supply blocks, unpowered buildings, or Contaminate may cause inaccurate times.
  • Supply counts are checked every 10 seconds.